 Dungeon Crawl Stone Soup version 0.20.0-8-g6b59dc7 (webtiles) character file.

1639 RKaid the Basher (level 8, -7/53 HPs)
             Began as a Gargoyle Berserker on May 30, 2017.
             Was a Priest of Trog.
             Mangled by an ogre
             ... wielding a +0 giant spiked club
              (20 damage)
             ... on level 6 of the Dungeon.
             The game lasted 00:11:00 (5346 turns).

RKaid the Basher (Gargoyle Berserker)               Turns: 5346, Time: 00:11:00

Health: -7/53      AC: 11    Str: 23    XL:     8   Next: 99%
Magic:  8/8        EV: 11    Int:  8    God:    Trog [***...]
Gold:   295        SH:  0    Dex:  9    Spells: 7/7 levels left

rFire    . . .     SeeInvis .   a - +1 flail (holy)
rCold    . . .     Gourm    .   (no shield)
rNeg     + . .     Faith    .   v - +2 leather armour {MR+}
rPois    ∞         Spirit   .   (no helmet)
rElec    +         Reflect  .   (no cloak)
rCorr    .         Harm     .   g - +0 pair of gloves
MR       +....                  (no boots)
Stlth    +.........             (no amulet)
Regen    0.2/turn               x - ring of wizardry {Wiz+}
MPRegen  0.2/turn               (no ring)

@: no status effects
A: negative energy resistance 1, electricity resistance, unbreathing,
petrification resistance, rot immunity, AC +5
a: Berserk, Trog's Hand, Burn Spellbooks, Renounce Religion


You were on level 6 of the Dungeon.
You worshipped Trog.
Trog was most pleased with you.
You were hungry.

You visited 1 branch of the dungeon, and saw 6 of its levels.

You collected 295 gold pieces.

Inventory:

Hand Weapons
 a - a +1 flail of holy wrath (weapon)
   (You found it on level 4 of the Dungeon)
 B - a +0 dire flail
   (You took it off Blork the orc on level 5 of the Dungeon)
Armour
 g - a +0 pair of gloves (worn)
   (You found it on level 1 of the Dungeon)
 t - a +0 leather armour of cold resistance
   (You found it on level 2 of the Dungeon)
 v - a +2 leather armour of magic resistance (worn)
   (You took it off an orc priest on level 4 of the Dungeon)
 E - a +2 cloak
   (You found it on level 6 of the Dungeon)
Jewellery
 x - a ring of wizardry (left hand) {Wiz+}
   (You found it on level 1 of the Dungeon)
Wands
 r - a wand of iceblast (11/15)
   (You found it on level 4 of the Dungeon)
 u - a wand of confusion (24/48)
   (You took it off Ijyb on level 5 of the Dungeon)
 y - a wand of flame (16/48)
   (You took it off a kobold on level 4 of the Dungeon)
 z - a wand of confusion (30/48)
   (You found it on level 4 of the Dungeon)
 F - a wand of disintegration (9/24)
   (You found it on level 6 of the Dungeon)
Scrolls
 i - a scroll of identify
 l - a scroll of fear {unknown}
 m - a scroll of fog {unknown}
 n - a scroll of immolation {unknown}
 o - 2 scrolls of remove curse
 s - a scroll of magic mapping {unknown}
 w - 2 scrolls of teleportation
 D - a scroll of blinking {unknown}
Potions
 b - 3 potions of mutation {unknown}
 d - a potion of heal wounds {unknown}
 e - a potion of degeneration {unknown}
 f - a potion of magic {unknown}
 h - 2 potions of curing
 j - a potion of lignification {unknown}
 p - 3 potions of might
 A - a potion of resistance {unknown}
Books
 C - a book of Minor Magic
   (You found it on level 6 of the Dungeon)
Comestibles
 c - 5 bread rations
 k - 3 royal jellies
 q - 3 meat rations


   Skills:
 + Level 7.6 Fighting
 * Level 9.6 Maces & Flails
 - Level 2.1 Armour
 - Level 1.5 Dodging


You had 7 spell levels left.
You didn't know any spells.

Dungeon Overview and Level Annotations

Branches:
Dungeon (6/15)             Temple (0/1) D:4

Altars:
Cheibriados
Elyvilon
Fedhas
Hepliaklqana
Kikubaaqudgha
Nemelex Xobeh
Qazlal
Trog
Vehumet
Xom
The Shining One

Shops:
D:6 %


Innate Abilities, Weirdness & Mutations

You are resistant to torment.
Your stone body is resilient. (AC +5)
You are immune to poison.
You resist negative energy. (rN+)
You are resistant to electric shocks. (rElec)
You can survive without breathing.
You are immune to petrification.
You are immune to rotting.


Message History

You see here a whip.
The gnoll hits you from afar with a halberd!
The gnoll hits you but does no damage.
The gnoll hits you from afar with a halberd!
The gnoll misses you. The gnoll barely misses you. The gnoll barely misses you.
The gnoll hits you from afar with a halberd!
* * * LOW HITPOINT WARNING * * *
The gnoll barely misses you. The gnoll completely misses you.
The gnoll hits you but does no damage.
Okay, then.
Unknown command.
Unknown command.
Your skin crawls.
You feel resistant to hostile enchantments.
You are near starving!
The gnoll barely misses you. The gnoll hits you but does no damage.
You feel yourself speed up.
You recover from your berserk rage.
You see here a mace.
You feel the effects of Trog's Hand fading.
Your skin stops crawling.
You feel less resistant to hostile enchantments.
Eat one of 3 chunks of flesh? (ye/n/q)
You eat one of the 3 chunks of flesh.
This raw flesh tastes terrible.
You are feeling hungry.
The gnoll barely misses you.
A red film seems to cover your vision as you go berserk!
You feel yourself moving faster!
You feel mighty!
You are near starving!
The gnoll hits you from afar with a halberd!
You feel a strong urge to attack something.
The gnoll closely misses you.
You thump the gnoll! The gnoll hits you but does no damage.
You closely miss the gnoll. The gnoll misses you.
You sock the gnoll!
You kill the gnoll!
Trog accepts your kill. The gnoll barely misses you.
You see here a halberd.
You closely miss the gnoll. The gnoll hits you with a halberd.
You bludgeon the gnoll!!
You kill the gnoll!
Trog accepts your kill.
You see here a halberd.
You feel a strong urge to attack something.
You start resting.
Eating one of 2 chunks of flesh.
You eat one of the 2 chunks of flesh.
This raw flesh tastes terrible.
You are feeling hungry.
You are no longer berserk.
You are exhausted.
You feel yourself slow down.
You start resting.
Eating a chunk of flesh.
You eat the chunk of flesh.
This raw flesh tastes terrible.
You feel yourself speed up.
You start resting.
You recover from your berserk rage.
You start resting.
You see here a halberd.
You see here a halberd.
You open the door.
There is an open door here.
You enter the shallow water.
Moving in this stuff is going to be slow.
You enter the shallow water.
Moving in this stuff is going to be slow.
You enter the shallow water.
Moving in this stuff is going to be slow.
You enter the shallow water.
Moving in this stuff is going to be slow.
You enter the shallow water.
Moving in this stuff is going to be slow.
There is an open door here.
You see here a whip.
c - 5 bread rations (gained 1)
D - a scroll labeled CIH IZONYRHU
F - a wand of disintegration (?/24)
An ogre comes into view. It is wielding a giant spiked club.
The ogre shouts!
Found a stone staircase leading down.
You completely miss the ogre.
The ogre hits you with a giant spiked club!
You barely miss the ogre. The ogre barely misses you.
You barely miss the ogre. You thump the ogre! The ogre barely misses you.
You are feeling hungry.
You hit the ogre. You thump the ogre!
The ogre hits you with a giant spiked club!
You barely miss the ogre.
The ogre hits you with a giant spiked club!!
Ouch! That really hurt!
* * * LOW HITPOINT WARNING * * *
You hit the ogre but do no damage.
You feel better.
The ogre hits you with a giant spiked club!!
You die...

#########
#>......#
#.......##
#.......O######
#.......#@....#.#
........##.....#
........###.#.#.#
#.......##.##.#
#######.#.###.#
#...........#
#.######..###
#..# #..#


You could see an ogre.

Vanquished Creatures
  The ghost of donomii the Transmogrifier, a novice SpTm (D:5)
  Grinder (D:4)
  Eustachio (D:5)
  An ice beast (D:5)
  An ogre (D:6)
  A centaur (D:6)
  Blork the orc (D:5)
  A big kobold (D:5)
  2 scorpions (D:5)
  A centaur zombie (D:6)
  A hound (D:4)
  3 orc priests (D:4)
  A jelly (D:6)
  Ijyb (D:5)
  2 orc wizards (D:6)
  3 worker ants (D:4)
  A hound skeleton (D:5)
  6 gnolls
  8 adders
  A shadow imp (D:5)
  An ooze (D:3)
  An adder skeleton (D:5)
  An adder zombie (D:5)
  2 worms
  2 dart slugs
  3 leopard geckos
  18 orcs
  A ball python (D:1)
  7 bats
  4 giant cockroaches
  6 goblins
  6 hobgoblins
  7 jackals
  A quokka (D:5)
  3 frilled lizards
  11 kobolds
  2 leopard gecko skeletons (D:5)
  A quokka zombie (D:5)
  7 rats
122 creatures vanquished.

Notes
Turn   | Place    | Note
-------+----------+-------------------------------------------
     0 | D:1      | RKaid the Gargoyle Berserker began the quest for the Orb.
     0 | D:1      | Reached XP level 1. HP: 14/14 MP: 1/1
    18 | D:1      | Reached XP level 2. HP: 11/19 MP: 2/2
   567 | D:1      | Reached ** piety under Trog
   781 | D:2      | Reached XP level 3. HP: 24/24 MP: 3/3
   857 | D:2      | Reached skill level 4 in Maces & Flails
  1049 | D:2      | Reached skill level 4 in Fighting
  1194 | D:2      | Found a white marble altar of Elyvilon.
  1349 | D:2      | Reached XP level 4. HP: 27/29 MP: 4/4
  1558 | D:2      | Found a sparkling altar of Nemelex Xobeh.
  2087 | D:4      | Found a radiant altar of Vehumet.
  2168 | D:4      | Found an ancient bone altar of Kikubaaqudgha.
  2282 | D:4      | Reached XP level 5. HP: 22/34 MP: 5/5
  2295 | D:4      | HP: 8/34 [orc priest/whip (3)]
  2297 | D:4      | Reached skill level 5 in Maces & Flails
  2298 | D:4      | HP: 3/34 [orc/dagger (3)]
  2546 | D:4      | Found a glowing golden altar of the Shining One.
  2685 | D:4      | Found a staircase to the Ecumenical Temple.
  2701 | D:4      | Noticed Grinder
  2726 | D:4      | Killed Grinder
  2726 | D:4      | Reached skill level 5 in Fighting
  2726 | D:4      | Reached skill level 6 in Maces & Flails
  2726 | D:4      | Reached XP level 6. HP: 16/40 MP: 6/6
  2925 | D:4      | Found a stormy altar of Qazlal.
  3047 | D:4      | Reached *** piety under Trog
  3047 | D:4      | Reached XP level 7. HP: 23/44 MP: 7/7
  3602 | D:4      | Found a blossoming altar of Fedhas.
  3732 | D:5      | Entered Level 5 of the Dungeon
  3732 | D:5      | Noticed Eustachio
  3762 | D:5      | Reached skill level 7 in Maces & Flails
  3770 | D:5      | Found a snail-covered altar of Cheibriados.
  3860 | D:5      | Noticed Ijyb
  3876 | D:5      | Killed Ijyb
  4034 | D:5      | Killed Eustachio
  4034 | D:5      | Reached skill level 6 in Fighting
  4043 | D:5      | Noticed Blork the orc
  4057 | D:5      | Killed Blork the orc
  4057 | D:5      | Reached XP level 8. HP: 45/52 MP: 8/8
  4120 | D:5      | Noticed donomii's ghost (novice SpTm)
  4286 | D:5      | Reached skill level 8 in Maces & Flails
  4357 | D:5      | Killed donomii's ghost
  4448 | D:5      | Reached skill level 7 in Fighting
  4502 | D:5      | Found a glowing silver altar of Zin.
  4506 | D:5      | Found a bloodstained altar of Trog.
  4506 | D:5      | Found a shimmering altar of Xom.
  4508 | D:5      | Found an iron altar of Okawaru.
  4508 | D:5      | Found a stormy altar of Qazlal.
  4508 | D:5      | Found a hazy altar of Hepliaklqana.
  4511 | D:5      | Reached skill level 9 in Maces & Flails
  4845 | D:6      | Found Lechipot's Food Shoppe.
  5113 | D:6      | HP: 12/53 [gnoll/halberd (9)]
  5342 | D:6      | HP: 2/53 [ogre/giant spiked club (27)]
  5346 | D:6      | Mangled by an ogre

Skill      XL: |  1  2  3  4  5  6  7  8 |
---------------+-------------------------+-----
Maces & Flails | 4 6 7 9 |  9.6
Fighting       | 4 5 6 7 |  7.6
Armour         | |  2.1
Dodging        | |  1.5

Action                   |  1- 3 |  4- 6 |  7- 9 || total
-------------------------+-------+-------+-------++-------
Melee: Mace              |    93 |    91 |    29 ||   213
       War axe           |       |    35 |       ||    35
       Whip              |       |    20 |       ||    20
       Flail             |       |       |   154 ||   154
Invok: Berserk           |       |     1 |     6 ||     7
       Trog's Hand       |       |       |     1 ||     1
  Use: Scroll            |       |     6 |     1 ||     7
       Potion            |       |     1 |     1 ||     2
  Eat: Chunk             |     1 |     4 |    11 ||    16
       Fruit             |       |     3 |       ||     3
       Royal jelly       |       |       |     1 ||     1
Armor: Animal skin       |    14 |       |       ||    14
       Ring mail         |    22 |    79 |    12 ||   113
       Leather armour    |       |       |    56 ||    56
Dodge: Dodged            |    54 |   105 |    88 ||   247

Table legend:
 A = Turns spent in this place as a percentage of turns spent in the entire game.
 B = Non-inter-level travel turns spent in this place as a percentage of non-inter-level travel turns spent in the entire game.
 C = Inter-level travel turns spent in this place as a percentage of turns spent in this place.
 D = Turns resting spent in this place as a percentage of non-inter-level travel turns spent in this place.
 E = Turns spent auto-exploring this place as a percentage of non-inter-level travel turns spent in this place.
 F = Non-inter-level travel turns spent in this place divided by the number of levels of this place that you've seen.
                   A       B       C       D       E      F
               +-------+-------+-------+-------+-------+----------------------
         Total | 100.0 | 100.0 |   0.7 |   2.9 |  11.1 | 215.5
       Dungeon | 100.0 | 100.0 |   0.7 |   2.9 |  11.1 | 215.5
               +-------+-------+-------+-------+-------+----------------------

Table legend:
 A = Kills in this place as a percentage of kills in entire the game.
 B = Kills by you in this place as a percentage of kills by you in the entire game.
 C = Kills by friends in this place as a percentage of kills by friends in the entire game.
 D = Other kills in this place as a percentage of other kills in the entire game.
 E = Experience gained in this place as a percentage of experience gained in the entire game.
 F = Experience gained in this place divided by the number of levels of this place that you have seen.
                   A       B       C       D       E      F
               +-------+-------+-------+-------+-------+----------------------
         Total | 100.0 | 100.0 |  -nan |  -nan | 100.0 | 390.3
       Dungeon | 100.0 | 100.0 |  -nan |  -nan | 100.0 | 390.3
               +-------+-------+-------+-------+-------+----------------------
